 Dungeon Crawl Stone Soup version 0.19.1 (webtiles) character file.

128 Dfrag the Firebug (level 4, 0/30 HPs)
             Began as a Demonspawn Fire Elementalist on Nov 29, 2016.
             Slain by Grinder (6 damage)
             ... on level 4 of the Dungeon.
             The game lasted 00:03:38 (1820 turns).

Dfrag the Firebug (Demonspawn Fire Elementalist)    Turns: 1820, Time: 00:03:39

Health: 0/30       AC:  4    Str:  9    XL:     4   Next: 86%
Magic:  0/8        EV: 12    Int: 17    God:
Gold:   44         SH:  3    Dex: 13    Spells: 2 memorised, 3 levels left

rFire  . . .     SeeInvis .     i - +2 spear (flame)
rCold  + . .     Gourm    .     a - +0 robe
rNeg   . . .     Faith    .     (no shield)
rPois  .         Spirit   .     p - +0 helmet
rElec  .         Reflect  +     (no cloak)
rCorr  .         Harm     .     j - +0 pair of gloves
MR     .....                    (no boots)
Stlth  ++........               o - +3 amulet of reflection
                                (no ring)
                                (no ring)

@: very slightly contaminated
A: cold resistance 1
a: no special abilities


You were on level 4 of the Dungeon.
You were not hungry.

You visited 1 branch of the dungeon, and saw 4 of its levels.

You collected 44 gold pieces.

Inventory:

Hand Weapons
 i - a +2 spear of flaming (weapon)
Armour
 a - a +0 robe (worn)
 j - a +0 pair of gloves (worn)
 p - a +0 helmet (worn)
Jewellery
 o - a +3 amulet of reflection (around neck)
Scrolls
 f - 2 scrolls of blinking {unknown}
 g - 2 scrolls of recharging {unknown}
 h - a scroll of enchant armour {unknown}
 q - 3 scrolls of teleportation {unknown}
 r - 3 scrolls of identify {unknown}
 s - a scroll of enchant weapon {unknown}
 w - 2 scrolls of fog {unknown}
 y - a scroll of noise {unknown}
Potions
 d - a potion of beneficial mutation {unknown}
 e - 2 potions of curing {unknown}
 l - a potion of cancellation {unknown}
 v - a potion of mutation {unknown}
 x - a potion of flight {unknown}
 z - 2 potions of heal wounds {unknown}
Books
 b - a book of Flames

   Spells                             Type                      Level
   a - Flame Tongue                   Conjuration/Fire             1
   b - Throw Flame                    Conjuration/Fire             2
   c - Conjure Flame                  Conjuration/Fire             3
   d - Inner Flame                    Hexes/Fire                   3
   e - Sticky Flame                   Conjuration/Fire             4
   f - Fireball                       Conjuration/Fire             5
Comestibles
 c - 2 bread rations
 k - a slice of pizza
 m - a beef jerky
 n - a meat ration
 t - 6 fruits


   Skills:
 - Level 1.7 Dodging
 - Level 1.7 Stealth
 + Level 2.7 Spellcasting
 + Level 3.0 Conjurations
 + Level 3.8 Fire Magic


You had 3 spell levels left.
You knew the following spells:

 Your Spells              Type           Power        Failure   Level  Hunger
a - Flame Tongue          Conj/Fire      ##...        4%          1    #......
b - Sticky Flame          Conj/Fire      ##......     45%         4    #####..


Dungeon Overview and Level Annotations

Branches:
Dungeon (4/15)
 Temple: D:4-7

Altars:
Cheibriados
Fedhas

Annotations:
D:4 Grinder


Innate Abilities, Weirdness & Mutations

Your flesh is cold resistant. (rC+)


Message History

Aim: Grinder You miscast Sticky Flame.
You are very lightly contaminated with residual magic.
Fire whirls out from your hands!
A fire vortex comes into view.
Grinder gestures at you. You resist with significant effort. Grinder hits you!
You writhe in agony.
The fire vortex hits you. The fire vortex burns you!
* * * LOW HITPOINT WARNING * * *
The fire vortex dissipates!
You climb downwards.
There is a stone staircase leading up here.
Casting: Sticky Flame
Confirm with . or Enter, or press ? or * to list all spells.
Aiming: Sticky Flame
Press: ? - help, Shift-Dir - straight line, f - Grinder
Aim: Grinder You miscast Sticky Flame.
Nothing appears to happen.
Grinder hits you.
You die...

#............#
#............#
#............#
#............#
#..........(.#
########..##.##.#####
#...####..##.##.##[.##
#.............#......#
#...........@.#......#
#..........)5.#......#
#.............'......#
#.............#......#
#.............#......#
#.............#......#
#...####.##..###......#
#... #+###+# #...####
.... .....


You could see Grinder.

Vanquished Creatures
  Natasha (D:2)
  Robin (D:2)
  2 adders
  An ooze (D:2)
  A worm (D:3)
  An orc (D:3)
  17 goblins
  10 hobgoblins
  6 jackals
  6 kobolds
  6 bats
  2 frilled lizards
  8 rats
62 creatures vanquished.

Vanquished Creatures (others)
  A fire vortex (D:3)
1 creature vanquished.

Grand Total: 63 creatures vanquished

Notes
Turn   | Place    | Note
-------+----------+-------------------------------------------
     0 | D:1      | Dfrag the Demonspawn Fire Elementalist began the quest for the Orb.
     0 | D:1      | Reached XP level 1. HP: 13/13 MP: 3/3
   121 | D:1      | Gained mutation: Your flesh is cold resistant. (rC+) [demonic ancestry]
   121 | D:1      | Reached XP level 2. HP: 2/19 MP: 0/5
   503 | D:1      | Reached XP level 3. HP: 22/24 MP: 0/6
   602 | D:2      | Noticed Robin
   938 | D:2      | Killed Robin
   958 | D:2      | Found a blossoming altar of Fedhas.
   963 | D:2      | Noticed Natasha
   976 | D:2      | Killed Natasha
   976 | D:2      | Reached XP level 4. HP: 24/30 MP: 1/7
  1526 | D:3      | Found a snail-covered altar of Cheibriados.
  1632 | D:3      | Noticed Grinder
  1708 | D:4      | Learned a level 4 spell: Sticky Flame
  1820 | D:4      | Slain by Grinder

Skill      XL: |  1  2  3  4 |
---------------+-------------+-----
Fire Magic     | 3 |  3.8
Conjurations   | 2 3 |  3.0
Dodging        | |  1.7
Stealth        | |  1.7
Spellcasting   | |  2.7

Action                   |  1- 3 |  4- 6 || total
-------------------------+-------+-------++-------
Melee: Unarmed           |    11 |       ||    11
       Spear             |    33 |    38 ||    71
 Cast: Flame Tongue      |    45 |    24 ||    69
 Stab: Sleeping          |     2 |     4 ||     6
       Distracted        |       |     1 ||     1
  Eat: Chunk             |     1 |     3 ||     4
Armor: Robe              |    18 |     9 ||    27
Dodge: Dodged            |    40 |    28 ||    68
Block: Other             |     5 |     3 ||     8
